 Dungeon Crawl Stone Soup version 0.31-a0-1161-g593ecc88b7 (webtiles) character file.

Game seed: 714667420925107261

114 night the Digger (level 4, -8/27 HPs)
             Began as a Gargoyle Earth Elementalist on Dec 8, 2023.
             Mangled by an ogre
             ... wielding a +0 giant club
              (25 damage)
             ... on level 3 of the Dungeon.
             The game lasted 00:05:26 (2742 turns).

night the Digger (Gargoyle Earth Elementalist)      Turns: 2742, Time: 00:05:26

Health: -8/27      AC:  6    Str: 12    XL:     4   Next: 98%
Magic:  0/8        EV: 11    Int: 17    God:
Gold:   174        SH:  0    Dex: 10    Spells: 0/8 levels left

rFire   . . .        q - +2 whip (freeze)
rCold   . . .        (no shield)
rNeg    + . .        a - +0 robe
rPois   ∞            (no helmet)
rElec   +            k - +0 cloak
rCorr   .            (no gloves)
SInv    .            (no boots)
Will    .....        (no amulet)
Stlth   ++           t - ring of wizardry
HPRegen 0.24/turn    (no ring)
MPRegen 0.11/turn

%: wizardry (x1)
@: very slightly contaminated
A: sickness immunity, AC +3, negative energy resistance 1, electricity
resistance, torment resistance 1, petrification resistance
a: no special abilities


You were on level 3 of the Dungeon.
You visited 1 branch of the dungeon, and saw 3 of its levels.

You collected 174 gold pieces.

Inventory:

Hand Weapons
 e - a +1 short sword
 q - a +2 whip of freezing (weapon)
Missiles
 f - 14 poisoned darts
 g - 16 stones
 o - 2 atropa-tipped darts
Armour
 a - a +0 robe (worn)
 k - a +0 cloak (worn)
Jewellery
 c - a ring of fire
 t - a ring of wizardry (left hand)
Scrolls
 i - a scroll of teleportation
 m - a scroll of vulnerability {unknown}
 r - a scroll of enchant weapon
 s - a scroll of identify
Potions
 b - a potion of magic
 d - 2 potions of enlightenment
 h - a potion of lignification {unknown}
 j - a potion of attraction {unknown}
 l - a potion of haste {unknown}
 n - a potion of ambrosia {unknown}
 p - a potion of curing {unknown}


   Skills:
 + Level 2.3 Fighting
 - Level 1.5 Dodging
 - Level 2.1 Stealth
 + Level 2.9 Spellcasting
 + Level 1.6 Conjurations
 - Level 0.7 Transmutations
 + Level 4.6 Earth Magic


You couldn't memorise any spells.
You knew the following spells:

 Your Spells              Type           Power      Damage    Failure   Level
a - Sandblast             Erth           36%        2d10      1%          1
b - Stone Arrow           Conj/Erth      26%        3d8       6%          3
c - Brom's Barrelling Bo  Conj/Erth      13%        2d4       19%         4

Your spell library contained the following spells:

 Spells                   Type           Power      Damage    Failure   Level
 Passwall                 Tmut/Erth      9%         N/A       3%          2
 Sting                    Tmut/Pois      12%        1d3       6%          1
 Apportation              Tloc           4%         N/A       8%          1
 Necrotise                Necr           8%         1d4       8%          1
 Slow                     Hex            8%         N/A       8%          1
 Summon Small Mammal      Summ           8%         N/A       8%          1
 Poisonous Vapours        Pois/Air       4%         N/A       11%         2
 Confusing Touch          Hex            2%         N/A       21%         3
 Sigil of Binding         Hex            2%         N/A       21%         3
 Vampiric Draining        Necr           2%         2d6       21%         3
 Volatile Blastmotes      Fire/Tloc      4%         2d10      21%         3
 Petrify                  Tmut/Erth      11%        N/A       24%         4
 Fulminant Prism          Conj/Hex       2%         3d5       43%         4
 Iskenderun's Mystic Bla  Conj/Tloc      5%         2d3       43%         4
 Olgreb's Toxic Radiance  Pois           2%         N/A       54%         4


Dungeon Overview and Level Annotations

Branches:
Dungeon (3/15)

Altars:

Shops:
D:3 =


Innate Abilities, Weirdness & Mutations

You are immune to sickness and miasma.
Your stone body is resilient. (AC +3)
You are immune to poison.
You resist negative energy. (rN+)
You are resistant to electric shocks. (rElec)
You are resistant to unholy torment.
You are immune to petrification.


Message History

An endoplasm comes into view.
The endoplasm quivers.
The endoplasm moves out of view.
An endoplasm is nearby!
Casting: Sandblast (safe; 1% risk of failure)
Confirm with . or Enter, or press ? or * to list all spells.
Aiming: Sandblast (safe; 1% risk of failure)
Press: ? - help, Shift-Dir - straight line, f - endoplasm
Aim: an endoplasm (98% to hit)
The blast of sand hits the endoplasm!
You kill the endoplasm!
An ogre comes into view. It is wielding a +0 giant club.
The ogre shouts!
Casting: Sandblast (safe; 1% risk of failure)
Confirm with . or Enter, or press ? or * to list all spells.
Aiming: Brom's Barrelling Boulder (extremely dangerous; 19% risk of failure)
Press: ? - help, Dir - move target, f - ogre
Aim: an ogre, wielding a +0 giant club (100% to hit)
You send a boulder barrelling forward!
The ogre hits your boulder with a +0 giant club!
The boulder barrels into the ogre!
The ogre is lightly wounded.
The ogre is knocked back.
Your boulder slams into a wall and explodes!
The rocky shrapnel hits the ogre!
The ogre is heavily wounded.
You hear a bark! x3
Casting: Brom's Barrelling Boulder (extremely dangerous; 19% risk of failure)
Confirm with . or Enter, or press ? or * to list all spells.
Aiming: Brom's Barrelling Boulder (extremely dangerous; 19% risk of failure)
Press: ? - help, Dir - move target, f/p - ogre
Aim: an ogre, wielding a +0 giant club (heavily wounded, 100% to hit)
You miscast Brom's Barrelling Boulder.
You are very lightly contaminated with residual magic.
Sparks fly from your hands!
An endoplasm comes into view.
The ogre attacks as it pursues you!
The ogre hits you with a +0 giant club!!
Ouch! That really hurt!
You die...

#.##.#
###.##.#
#<..##.#
##..##.#
#####..##.#
#.......#.# #
#.###...#.#
... #.#...#.#
.....#.#.@...#
.....)...O####
.....####.##
...........# #
######...#
...#.# ..###
.# J.# .# # .#


You could see an ogre.

Vanquished Creatures
  An orc priest (D:3)
  2 adders
  4 orcs (D:3)
  3 ball pythons
  5 bats
  9 endoplasms
  7 goblins
  6 hobgoblins
  5 jackals (D:1)
  4 kobolds
  3 quokkas
  5 frilled lizards
  4 rats
58 creatures vanquished.

Vanquished Creatures (others)
  A boulder (D:3)
1 creature vanquished.

Grand Total: 59 creatures vanquished

Notes
Turn   | Place    | Note
-------+----------+-------------------------------------------
     0 | D:1      | night the Gargoyle Earth Elementalist began the quest for
                  | the Orb.
     0 | D:1      | Reached XP level 1. HP: 10/10 MP: 3/3
   185 | D:1      | Reached XP level 2. HP: 16/16 MP: 3/5
   244 | D:1      | Reached skill level 1 in Fighting
   258 | D:1      | Reached skill level 4 in Earth Magic
   550 | D:1      | Reached XP level 3. HP: 17/20 MP: 4/6
   572 | D:1      | Learned a level 3 spell: Stone Arrow
  1648 | D:2      | Found a faded altar of an unknown god.
  1884 | D:2      | Reached skill level 1 in Conjurations
  1956 | D:2      | Reached XP level 4. HP: 26/26 MP: 5/7
  2210 | D:3      | Reached skill level 2 in Fighting
  2228 | D:3      | Found Riosag's Jewellery Boutique.
  2459 | D:3      | Learned a level 4 spell: Brom's Barrelling Boulder
  2735 | D:3      | Noticed an ogre
  2742 | D:3      | Mangled by an ogre

Illustrated notes

Levels and vault maps discovered:
D:1:      scummos_arrival_star, layout_basic, minmay_octomino_c4
D:2:      layout_loops_cross, hellmonk_ecumenical_altar_crossroads
D:3:      layout_basic, serial_shops, shop

Skill      XL: |  1  2  3  4 |
---------------+-------------+-----
Fighting       | 1 2 |  2.3
Earth Magic    | 4 |  4.6
Conjurations   | 1 |  1.6
Dodging        | |  1.5
Stealth        | |  2.1
Spellcasting   | |  2.9
Transmutations | |  0.7

Action                     |  1- 3 |  4- 6 || total
---------------------------+-------+-------++-------
  Melee: Short sword       |    32 |    13 ||    45
   Cast: Sandblast         |    54 |    14 ||    68
         Stone Arrow       |       |     2 ||     2
         Brom's Barrelling |       |     2 ||     2
    Use: Scroll            |     2 |     2 ||     4
   Stab: Sleeping          |     1 |       ||     1
 Armour: Robe              |    21 |     8 ||    29
  Dodge: Dodged            |    31 |     7 ||    38

Table legend: (Time is in decaauts)
 A = Elapsed time spent in this place.
 B = Non-inter-level travel time spent in this place.
 C = Inter-level travel time spent in this place.
 D = Time resting spent in this place.
 E = Time spent auto-exploring this place.
 F = Levels seen in this place.
 G = Mean time per level.
                   A        B        C        D        E       F      G
               +--------+--------+--------+--------+--------+-----+--------+
         Total |   2774 |   2686 |     88 |    249 |   2036 |   3 |  924.7 |
       Dungeon |   2774 |   2686 |     88 |    249 |   2036 |   3 |  924.7 |
               +--------+--------+--------+--------+--------+-----+--------+

Top non-repeatable levels by time:
     D:1: 1279 daAuts
     D:2: 938 daAuts
     D:3: 556 daAuts
